 Dungeon Crawl Stone Soup version 0.15.1-1-gfacfea3 (webtiles) character file.

408 hcnick2 the Shield-Bearer (level 7, -2/56 HPs)
             Began as a Formicid Fighter on Sept 23, 2014.
             Incinerated by Thrillho's ghost (8 damage)
             ... with a sticky flame
             ... on Level 4 of the Dungeon.
             The game lasted 00:07:27 (3473 turns).

hcnick2 the Shield-Bearer (Formicid Fighter)        Turns: 3473, Time: 00:07:27

HP  -2/56        AC 10     Str 23      XL: 7   Next: 13%
MP   9/9         EV  6     Int  7      God:
Gold 136         SH 10     Dex 10      Spells:  0 memorised,  6 levels left

rFire  . . .     SeeInvis +     a - +0 long sword
rCold  . . .     Clarity  +     w - +0 chain mail
rNeg   . . .     rCorr    .     c - +0 shield
rPois  .         rRot     .     (helmet unavailable)
rElec  .         Spirit   .     (no cloak)
SustAb .         Warding  .     x - +0 pair of gloves
rMut   .         Stasis   +     (no boots)
Gourm  .                        n - amulet of clarity
MR     .....                    (no ring)
                                j - ring of wizardry

@: liquid flames, glowing, invisible (but backlit and visible), not resistant to
hostile enchantments, extremely unstealthy
A: permanent stasis, dig shafts and tunnels, four strong arms, antennae 3
a: Dig, Shaft Self


You were on level 4 of the Dungeon.
You were not hungry.

You visited 1 branch of the dungeon, and saw 4 of its levels.

You collected 136 gold pieces.

Inventory:

Hand weapons
 a - a +0 long sword (weapon)
Armour
 b - a +0 scale mail
 c - a +0 shield (worn)
 w - a +0 chain mail (worn)
 x - a +0 pair of gloves (worn)
Comestibles
 d - 4 bread rations
 f - 2 meat rations
 B - a chunk of worm flesh
Scrolls
 h - a scroll of teleportation {unknown}
 k - 3 scrolls of remove curse {unknown}
 l - a scroll of fear {unknown}
 o - 2 scrolls of enchant armour {unknown}
 u - a scroll of noise {unknown}
 v - 2 scrolls of identify {unknown}
 y - 3 scrolls of recharging {unknown}
 z - 2 scrolls of fog {unknown}
Jewellery
 i - an uncursed amulet of rage
 j - a ring of wizardry (left hand)
 n - an amulet of clarity (around neck)
Potions
 e - 2 potions of might
 g - a potion of brilliance {unknown}
 m - 2 potions of cancellation {unknown}
 p - a potion of lignification {unknown}
 q - a potion of restore abilities {unknown}
 r - a potion of resistance {unknown}
 s - a potion of curing
 t - a potion of confusion {unknown}
 A - a potion of invisibility


   Skills:
 + Level 5.3 Fighting
 + Level 3.7 Long Blades
 + Level 4.8 Armour
 + Level 5.4 Shields


You had 6 spell levels left.
You didn't know any spells.

Dungeon Overview and Level Annotations

Branches:
Dungeon (4/15)
 Temple: D:4-7

Altars:
Xom

Annotations:
D:4 Thrillho's ghost, average DEFE


Innate Abilities, Weirdness & Mutations

Your are under a permanent stasis effect.
You can dig through walls and to a lower floor.
Your four strong arms can wield two-handed weapons with a shield.
You have a pair of large antennae on your head (SInv).


Message History

Unknown command.
You hit Thrillho's ghost.
Thrillho's ghost is moderately damaged.
You are covered in liquid flames!
* * * LOW HITPOINT WARNING * * *
Thrillho's ghost hits you but does no damage.
Thrillho's ghost hits you.
* * * LOW HITPOINT WARNING * * *
Drink which item? (? for menu, Esc to quit)
You feel better.
It was a potion of curing.
You are covered in liquid flames!
* * * LOW HITPOINT WARNING * * *
Thrillho's ghost sprays you with burning goo.
The sticky flame hits you!
You are covered in liquid flames!
Drink which item? (? for menu, Esc to quit)
You become transparent, but the glow from your liquid flames prevents you from becoming completely invisible.
It was a potion of invisibility.
You are covered in liquid flames!
You die...

#.........#
#.#######.#
#.##......#
#.##.######
#.##.# #.##.#
#.##.# #.##.#
###.##@####
#<.....W......#
######...####[
#...# #...#
#...# #...#
....+ ...


You could see Thrillho's ghost.

Vanquished Creatures
  Grinder (D:3)
  Jessica (D:2)
  4 gnolls (D:3)
  3 adders
  4 worms
  3 giant geckos
  3 oozes
  4 orcs (D:3)
  11 bats
  4 giant cockroaches
  5 hobgoblins
  4 kobolds
  3 quokkas
  2 ball pythons
  5 giant newts
  8 goblins
  6 rats
71 creatures vanquished.

Notes
Turn   | Place    | Note
--------------------------------------------------------------
     0 | D:1      | hcnick2, the Formicid Fighter, began the quest for the Orb.
     0 | D:1      | Reached XP level 1. HP: 18/18 MP: 1/1
     2 | D:1      | Noticed a minotaur
     4 | D:1      | Noticed a spriggan
     4 | D:1      | Noticed a gargoyle
     6 | D:1      | Noticed a ghoul
     8 | D:1      | Noticed a troll
    10 | D:1      | Noticed a dwarf
    10 | D:1      | Noticed a human
    12 | D:1      | Noticed an elf
    12 | D:1      | Noticed a vampire
    14 | D:1      | Noticed a demigod
    14 | D:1      | Noticed a centaur
    16 | D:1      | Noticed a merfolk
    16 | D:1      | Noticed a draconian
    18 | D:1      | Noticed a naga
    18 | D:1      | Noticed a vine stalker
    20 | D:1      | Noticed an octopode
    20 | D:1      | Noticed a formicid
    22 | D:1      | Noticed a tengu
    24 | D:1      | Noticed an ogre
    26 | D:1      | Noticed a demonspawn
    26 | D:1      | Noticed a felid
   180 | D:1      | Reached XP level 2. HP: 18/24 MP: 3/3
   580 | D:2      | Noticed Jessica
   595 | D:2      | Killed Jessica
   595 | D:2      | Reached skill level 4 in Shields
   595 | D:2      | Reached XP level 3. HP: 14/30 MP: 4/4
  1061 | D:2      | Reached XP level 4. HP: 25/37 MP: 5/5
  1637 | D:3      | Found a shimmering altar of Xom.
  1901 | D:3      | Reached XP level 5. HP: 28/43 MP: 7/7
  1944 | D:3      | Noticed Grinder
  2322 | D:3      | Killed Grinder
  2322 | D:3      | Reached skill level 5 in Fighting
  2322 | D:3      | Reached skill level 5 in Shields
  2322 | D:3      | Reached XP level 6. HP: 47/51 MP: 8/8
  2483 | D:3      | Reached XP level 7. HP: 54/56 MP: 9/9
  3461 | D:4      | Noticed Thrillho's ghost (average DEFE)
  3473 | D:4      | Incinerated by Thrillho's ghost

Action                   |  1- 3 |  4- 6 |  7- 9 || total
-------------------------+-------+-------+-------++-------
Melee: Long sword        |   126 |   144 |    89 ||   359
  Use: Potion            |       |       |     2 ||     2
  Eat: Chunk             |       |     4 |     5 ||     9
